 Dungeon Crawl Stone Soup version 0.21.1-1-g345015f (webtiles) character file.

339450 theElss the Slayer (level 21, 0/231 HPs)
             Began as a Gargoyle Berserker on Feb 13, 2018.
             Was the Champion of Trog.
             Killed from afar by a tengu reaver (13 damage)
             ... with a bolt of lightning
             ... on level 4 of the Vaults.
             The game lasted 02:51:08 (42257 turns).

theElss the Slayer (Gargoyle Berserker)            Turns: 42257, Time: 02:51:09

Health: 0/231      AC: 42    Str: 34    XL:     21   Next: 96%
Magic:  0/24       EV: 15    Int:  9    God:    Trog [******]
Gold:   3282       SH: 18    Dex: 13    Spells: 20/20 levels left

rFire    . . .     SeeInvis +   a - +7 eveningstar (drain)
rCold    . . .     Gourm    +   q - +2 shield
rNeg     + . .     Faith    .   Z - +5 chain mail "Gytasioz" {Stlth+}
rPois    ∞         Spirit   +   u - +1 helmet
rElec    +         Reflect  .   d - scarf {Spirit}
rCorr    .         Harm     .   E - +2 pair of gloves {archery}
MR       ++...                  O - +0 pair of boots
Stlth    ..........             s - amulet "Itodor" {Gourm rPois Slay+3}
HPRegen  0.48/turn              I - +3 ring of slaying
MPRegen  0.19/turn              K - ring of Xucvaduh {MR+ Str+3 SInv}

@: berserking (expiring), very quick
A: big wings, negative energy resistance 1, electricity resistance, unbreathing,
petrification resistance, rot immunity, AC +16
}: 2/15 runes: decaying, gossamer
a: Fly, Berserk, Trog's Hand, Brothers in Arms, Burn Spellbooks, Renounce
Religion


You were on level 4 of the Vaults.
You worshipped Trog.
Trog was exalted by your worship.
You were very full.

You visited 6 branches of the dungeon, and saw 36 of its levels.
You also visited: Bailey.

You collected 4475 gold pieces.
You spent 1193 gold pieces at shops.

Inventory:

Hand Weapons
 a - a +7 eveningstar of draining (weapon)
 b - a +4 hand crossbow of freezing
 M - the +7 whip of Shame {speed, *Slow +Fly rC+ Int+4}
   (You bought it in a shop on level 15 of the Dungeon)

   Attacks with this weapon are significantly faster.
   It affects your intelligence (+4).
   It protects you from cold.
   It lets you fly.
   It may slow you when you take damage.
Missiles
 A - 1478 bolts
Armour
 d - a scarf of spirit shield (worn)
 q - a +2 shield (worn)
 u - a +1 helmet (worn)
 E - a +2 pair of gloves of archery (worn)
 O - a +0 pair of boots (worn)
 Z - the +5 chain mail "Gytasioz" (worn) {Stlth+}
   (You found it on level 3 of the Lair of Beasts)

   It makes you more stealthy.
Jewellery
 l - an uncursed amulet of guardian spirit
 s - the amulet "Itodor" (around neck) {Gourm rPois Slay+3}
   (You found it on level 1 of the Swamp)

   [amulet of the gourmand]

   It allows you to eat raw meat even when not hungry.
   It affects your accuracy and damage with ranged weapons and melee attacks
   (+3).
   It protects you from poison.
 G - a +5 ring of evasion
 I - a +3 ring of slaying (left hand)
 J - the ring "Omeeleko" {AC+3 Dex+5}
   (You found it in a bailey)

   [ring of protection]

   It affects your AC (+3).
   It affects your dexterity (+5).
 K - the ring of Xucvaduh (right hand) {MR+ Str+3 SInv}
   (You bought it in a shop on level 2 of the Orcish Mines)

   [ring of see invisible]

   It affects your strength (+3).
   It affects your resistance to hostile enchantments.
   It lets you see invisible.
Wands
 h - a wand of digging (15)
 x - a wand of flame (57)
 L - a wand of disintegration (43)
 V - a wand of enslavement (10)
 Y - a wand of polymorph (22)
Scrolls
 e - 4 scrolls of enchant armour
 f - 13 scrolls of teleportation
 i - 6 scrolls of fear
 j - 7 scrolls of blinking
 k - 5 scrolls of magic mapping
 m - 7 scrolls of fog
 o - 19 scrolls of remove curse
 r - a scroll of holy word
 v - 8 scrolls of identify
 D - 2 scrolls of silence
 U - a scroll of enchant weapon
Potions
 n - 10 potions of haste
 p - 17 potions of curing
 t - 4 potions of might
 w - 2 potions of agility
 z - a potion of invisibility
 B - a potion of magic
 C - 2 potions of resistance
 H - 4 potions of lignification
 N - 2 potions of brilliance
 W - 2 potions of heal wounds
 X - 4 potions of cancellation
Miscellaneous
 g - a lamp of fire
Comestibles
 c - 69 rations
 F - 2 chunks of flesh


   Skills:
 + Level 23.4 Fighting
 - Level 16.0 Maces & Flails
 - Level 10.0 Crossbows
 + Level 16.0 Armour
 + Level 10.7 Dodging
 + Level 3.6 Stealth
 + Level 16.4 Shields
 * Level 4.3 Evocations


You had 20 spell levels left.
You didn't know any spells.

Dungeon Overview and Level Annotations

Branches:
Dungeon (15/15)            Temple (0/1) D:7            Lair (6/6) D:9
  Swamp (4/4) Lair:4       Spider (4/4) Lair:3        Slime (0/5) Lair:6
    Orc (2/2) D:11            Elf (0/3) Orc:2        Vaults (5/5) D:13
  Crypt (0/3) Vaults:3     Depths (0/5) D:15

Altars:
Ashenzari
Fedhas
Qazlal
Ru
Sif Muna
Uskayaw
Vehumet
Xom
The Shining One

Shops:
D:10 :   D:15 :*[!   Orc:1 [   Orc:2 *:[(   Vaults:2 !


Innate Abilities, Weirdness & Mutations

You are resistant to torment.
Your stone body is resilient. (AC +16)
You are immune to poison.
Your large and strong wings let you fly indefinitely.
You resist negative energy. (rN+)
You are resistant to electric shocks. (rElec)
You can survive without breathing.
You are immune to petrification.
You are immune to rotting.


Message History

The deep troll shaman is moderately wounded.
You block the deep troll's attack. x3; You block the tengu reaver's attack.
The tengu reaver misses you.
The tengu reaver claws you but does no damage.
The deep troll shaman misses you.
The deep troll shaman barely misses you.
The deep troll shaman claws you but does no damage.
Unknown command.
You spit the deep troll shaman like a pig!!!
You kill the deep troll shaman!
Trog accepts your kill. You block the deep troll's attack.
The deep troll claws you but does no damage.
You block the deep troll's attack.
Unknown command.
You sock the deep troll!
The deep troll is moderately wounded.
The tengu reaver casts a spell at you. The bolt of lightning hits you!
You resist.
You die...

#.......#..# #.
#.......#..# #.
#.......#..## ##.
####'#######..####..
#......# #..).....
#......# ###....##
#.*....# ######
#.QT...# #..@[..#
#...)..# #......#
#......# #......#
#......#
####''##############
#..................
#..................


You could see a tengu reaver, a deep troll and a battlesphere.

Vanquished Creatures
  The ghost of Ratty the Merry Centaur, a veteran CeBe of Trog (Vaults:5)
  the Lernaean hydra (Swamp:4)
  Saint Roka (Vaults:2)
  Arachne (Spider:2)
  2 tentacled monstrosities
  A lich (Vaults:3)
  2 titans (Vaults:5)
  A quicksilver dragon (Vaults:4)
  Frances (D:14)
  Donald (Swamp:3)
  A sphinx (Vaults:3)
  A thorn hunter (Swamp:3)
  Kirke (Swamp:1)
  The ghost of Canard the Quickloader, a journeyman DDHu of Makhleb (Orc:1)
  2 storm dragons
  2 frost giants
  A revenant (Vaults:3)
  2 fire giants
  An orc warlord (Orc:1)
  7 ghost moths
  A deep elf sorcerer (Vaults:4)
  A deep elf elementalist (Vaults:3)
  Louise (D:15)
  8 vault wardens
  3 emperor scorpions
  2 war gargoyles
  2 very ugly things
  10 ironheart preservers
  3 entropy weavers
  10 stone giants
  Nessos (D:15)
  2 deep elf annihilators
  4 spark wasps
  An ettin (Vaults:5)
  2 crystal guardians (Vaults:3)
  Snorg (D:11)
  7 ogre magi
  2 great orbs of eyes
  3 fire dragons
  10 yaktaur captains
  A catoblepas (Lair:6)
  An ice dragon (Vaults:1)
  29 vault guards
  The ghost of tidbits the Martial Artist, a journeyman GnTm of Cheibriados (Orc:2)
  23 hydras
  3 alligators (Swamp:3)
  32 two-headed ogres
  2 deep troll shamans
  10 centaur warriors
  2 death knights
  2 tengu warriors
  4 death yaks (Lair:6)
  6 deep troll earth magi
  A queen ant (Spider:3)
  2 orc high priests
  A vampire mage (Vaults:3)
  The ghost of pk666 the Thaumaturge, a journeyman DEWz of Vehumet (D:12)
  Urug (D:15)
  Sonja (D:15)
  6 deep elf knights
  3 shadow wraiths
  2 unseen horrors
  6 wizards
  2 glowing orange brains
  14 deep trolls
  10 swamp dragons
  A flayed ghost (Vaults:3)
  A spriggan druid (Swamp:3)
  A necromancer (Vaults:2)
  3 phantasmal warriors (Vaults:3)
  6 deep elf archers
  8 harpies
  11 ironbrand convokers
  A shambling mangrove (Swamp:2)
  16 orb spiders
  Pikel (D:8)
  12 orc knights
  A fire giant zombie (Vaults:2)
  42 wolf spiders
  8 orc sorcerers
  2 manticores
  2 oklob plants (Lair:1)
  12 deep elf magi
  26 ugly things
  A moth of wrath (Spider:3)
  The ghost of Serooblart the Fighter, a novice MiBe of Trog (D:5)
  4 cyclopes
  7 elephants
  6 black mambas
  7 vault sentinels
  An eye of devastation (Lair:6)
  3 centaur skeletons
  3 rime drakes
  19 spiny frogs
  A gargoyle (D:14)
  6 komodo dragons
  5 freezing wraiths
  6 kobold demonologists
  A yaktaur (shapeshifter) (Vaults:3)
  10 demonic crawlers
  43 yaktaurs
  A tengu conjurer (D:15)
  3 meliai (Spider:4)
  A harpy zombie (D:15)
  30 jumping spiders
  A hornet (shapeshifter) (Vaults:2)
  7 trolls
  3 polar bears (Lair:6)
  3 tyrant leeches (Swamp:4)
  26 hornets
  14 hippogriffs
  A wolf spider simulacrum (D:8)
  8 blink frogs
  Grinder (D:3)
  7 dream sheep (Lair:4)
  18 slime creatures
  Prince Ribbit (D:7)
  17 bog bodies
  3 centaur simulacra
  3 human simulacra
  62 redbacks
  6 shadows
  18 spriggans
  A wraith (Vaults:3)
  2 wyverns
  4 water elementals (D:14)
  47 yaks
  31 tarantellas
  4 basilisks
  5 wargs
  A hungry ghost (D:15)
  13 vampire mosquitoes
  A yaktaur simulacrum (Vaults:2)
  3 insubstantial wisps (Swamp:2)
  2 acid dragons (D:15)
  17 swamp worms
  18 soldier ants
  10 porcupines
  33 water moccasins
  53 orc warriors
  A human zombie (Vaults:2)
  8 ice beasts
  10 swamp drakes
  4 black bears
  3 sky beasts
  3 phantoms
  5 boggarts
  2 eyes of draining
  30 ogres
  The ghost of Monsterracer the Chopper, an amateur HuFi of Yredelemnul (D:4)
  20 centaurs
  A tengu (shapeshifter) (D:13)
  20 wolves
  17 crocodiles
  8 big kobolds
  18 bullfrogs
  11 gnoll sergeants
  A wyvern zombie (D:13)
  5 scorpions
  13 killer bees
  5 wights
  The ghost of ximkin the Ruffian, a weakling DrTm (D:3)
  7 electric eels
  2 bullfrog zombies (D:12)
  8 howler monkeys
  10 crimson imps
  6 centaur zombies
  12 hounds
  A quasit (D:10)
  A wyvern simulacrum (D:13)
  17 orc priests
  6 gnoll shamans (Bailey)
  4 jellies
  5 bullfrog skeletons
  4 iguanas
  Terence (D:3)
  34 orc wizards
  25 worker ants
  4 hell rats (D:13)
  2 worker ant zombies (D:11)
  26 gnolls
  27 adders
  2 shadow imps
  An adder skeleton (D:6)
  4 worms
  A dart slug (D:1)
  5 leopard geckos
  99 orcs
  4 giant cockroaches
  10 goblins
  6 hobgoblins
  12 jackals
  25 kobolds
  5 quokkas
  A ball python (D:2)
  4 bats (D:1)
  6 frilled lizards
  A goblin (shapeshifter) (Vaults:4)
  A jackal zombie (D:5)
  4 rats
  A fungus (Lair:2)
  4 plants
1613 creatures vanquished.

Vanquished Creatures (collateral kills)
  An ironheart preserver (Vaults:5)
  A vault guard (D:13)
  A water nymph (shapeshifter) (Vaults:5)
  A demonic crawler (Spider:4)
  A hornet (Spider:4)
  A worker ant (D:13)
6 creatures vanquished.

Vanquished Creatures (others)
  A ghost moth (Spider:3)
  An unseen horror (D:13)
  A wizard (Vaults:3)
  A jumping spider (Spider:2)
  A human (Swamp:1)
  A warg (Vaults:3)
  A vampire mosquito (Swamp:1)
  A water moccasin (Lair:6)
  A swamp drake (Swamp:4)
  A slave (D:8)
  An iguana (D:8)
  An orc wizard (Orc:2)
  2 orcs (D:8)
  23 fungi
  23 plants
  A withered plant (D:11)
61 creatures vanquished.

Grand Total: 1680 creatures vanquished

Notes
Turn   | Place    | Note
-------+----------+-------------------------------------------
     0 | D:1      | theElss the Gargoyle Berserker began the quest for the Orb.
     0 | D:1      | Reached XP level 1. HP: 14/14 MP: 1/1
    88 | D:1      | Reached XP level 2. HP: 17/19 MP: 2/2
   585 | D:1      | Reached XP level 3. HP: 23/23 MP: 3/3
  1248 | D:2      | Reached ** piety under Trog
  1248 | D:2      | Reached skill level 1 in Shields
  1324 | D:2      | Reached XP level 4. HP: 18/29 MP: 4/4
  1667 | D:2      | You fall through a shaft!
  1691 | D:3      | Found a glowing golden altar of the Shining One.
  1694 | D:3      | Noticed Terence
  1733 | D:3      | Noticed Grinder
  1743 | D:3      | Killed Grinder
  1743 | D:3      | Reached skill level 1 in Stealth
  1743 | D:3      | Reached XP level 5. HP: 33/33 MP: 5/5
  1743 | D:3      | Reached XP level 6. HP: 38/38 MP: 6/6
  1811 | D:3      | Killed Terence
  1811 | D:3      | Reached skill level 4 in Fighting
  1811 | D:3      | Reached skill level 5 in Maces & Flails
  2250 | D:3      | Noticed ximkin's ghost (weakling DrTm)
  2260 | D:3      | Killed ximkin's ghost
  2706 | D:3      | Reached XP level 7. HP: 44/44 MP: 7/7
  2717 | D:3      | Found a deep blue altar of Sif Muna.
  2733 | D:4      | Noticed Monsterracer's ghost (amateur HuFi)
  2742 | D:4      | Killed Monsterracer's ghost
  3211 | D:5      | Entered Level 5 of the Dungeon
  3240 | D:5      | Reached *** piety under Trog
  3240 | D:5      | Reached skill level 5 in Shields
  3240 | D:5      | Reached XP level 8. HP: 34/48 MP: 8/8
  3685 | D:5      | Noticed Serooblart's ghost (novice MiBe)
  3706 | D:5      | Killed Serooblart's ghost
  3706 | D:5      | Reached skill level 5 in Fighting
  3819 | D:5      | Found a blossoming altar of Fedhas.
  3822 | D:5      | Found a sacrificial altar of Ru.
  4386 | D:6      | Found a shattered altar of Ashenzari.
  4590 | D:6      | Reached XP level 9. HP: 51/54 MP: 9/9
  5144 | D:7      | Reached **** piety under Trog
  5258 | D:7      | Found a staircase to the Ecumenical Temple.
  5280 | D:7      | Found a radiant altar of Vehumet.
  5460 | D:7      | Noticed Prince Ribbit
  5475 | D:6      | Reached skill level 6 in Fighting
  5753 | D:7      | Found a hide-covered altar of Uskayaw.
  5850 | D:7      | Reached XP level 10. HP: 52/60 MP: 10/10
  5941 | D:7      | Killed Prince Ribbit
  6208 | D:8      | Noticed Pikel
  6224 | D:8      | Killed Pikel
  6224 | D:8      | Reached skill level 5 in Armour
  6259 | D:8      | Found a transporter.
  6387 | D:8      | Found a flagged portal.
  6400 | D:8      | Reached ***** piety under Trog
  6454 | Bailey   | Entered a bailey
  6770 | Bailey   | Reached skill level 7 in Fighting
  7240 | Bailey   | Got a coiled tin ring
  7317 | Bailey   | Identified the ring "Omeeleko" {AC+3 Dex+5} (You found it in a bailey)
  7531 | D:8      | Found a transporter.
  7994 | D:8      | Reached skill level 10 in Maces & Flails
  8003 | D:8      | Reached skill level 10 in Shields
  8006 | D:8      | Reached XP level 11. HP: 67/67 MP: 11/11
  8433 | D:9      | Received a gift from Trog
  8709 | D:9      | Found a staircase to the Lair.
  8995 | D:9      | Found a shimmering altar of Xom.
  9574 | D:10     | Entered Level 10 of the Dungeon
 10002 | D:10     | Noticed a two-headed ogre
 10019 | D:10     | Killed a two-headed ogre
 10360 | D:10     | Noticed a two-headed ogre
 10369 | D:10     | Killed a two-headed ogre
 10511 | D:10     | Found Faojy's Book Shoppe.
 11065 | D:11     | Noticed a cyan ugly thing
 11088 | D:11     | Killed a cyan ugly thing
 11088 | D:11     | Reached skill level 8 in Fighting
 11258 | D:11     | Received a gift from Trog
 11258 | D:11     | Reached XP level 12. HP: 73/73 MP: 10/12
 11275 | D:11     | Found a stormy altar of Qazlal.
 11539 | D:11     | Noticed Snorg
 11560 | D:11     | Killed Snorg
 11761 | D:11     | Found a staircase to the Orcish Mines.
 12475 | D:12     | Noticed pk666's ghost (journeyman DEWz)
 12509 | D:12     | Killed pk666's ghost
 13597 | D:13     | Found a blossoming altar of Fedhas.
 13640 | D:13     | Noticed a fire dragon
 13648 | D:13     | Noticed a vault guard
 13661 | D:13     | Killed a fire dragon
 13667 | D:13     | Noticed a tengu warrior
 13687 | D:13     | Killed a vault guard
 13690 | D:13     | Killed a tengu warrior
 13690 | D:13     | Reached skill level 9 in Fighting
 13690 | D:13     | Reached XP level 13. HP: 36/80 MP: 5/13
 13786 | D:13     | Found a gate to the Vaults.
 13846 | D:13     | Found a sacrificial altar of Ru.
 14008 | D:13     | Received a gift from Trog
 14028 | D:13     | Got a faintly glowing flail {god gift}
 14029 | D:13     | Identified the +5 flail of Weabi {freeze, Int+3} (Trog gifted it to you on level 13 of the Dungeon)
 14064 | D:13     | Found a sacrificial altar of Ru.
 14475 | D:13     | Reached skill level 15 in Shields
 14759 | Lair:1   | Entered Level 1 of the Lair of Beasts
 15796 | Lair:2   | You fall through a shaft!
 15851 | Lair:3   | Got a distressingly furry ring mail
 15902 | Lair:3   | Identified the cursed +0 ring mail of Life {MP-9 Int+2 Dex+6} (You found it on level 3 of the Lair of Beasts)
 15975 | Lair:3   | Reached skill level 10 in Fighting
 16074 | Lair:3   | Reached skill level 5 in Dodging
 16076 | Lair:3   | Found a hole to the Spider Nest.
 16128 | Lair:3   | Got an encrusted chain mail
 16642 | Lair:2   | Identified the +5 chain mail "Gytasioz" {Stlth+} (You found it on level 3 of the Lair of Beasts)
 17377 | Lair:4   | Gained mutation: Your large and strong wings let you fly indefinitely. [Gargoyle growth]
 17377 | Lair:4   | Reached XP level 14. HP: 77/88 MP: 11/14
 17447 | Lair:4   | Reached ****** piety under Trog
 18097 | Lair:4   | Received a gift from Trog
 18175 | Lair:4   | Found a staircase to the Swamp.
 18471 | Lair:5   | Reached skill level 1 in Crossbows
 18751 | Lair:5   | Reached skill level 11 in Fighting
 19305 | Lair:6   | Entered Level 6 of the Lair of Beasts
 19511 | Lair:6   | Received a gift from Trog
 19545 | Lair:6   | Found a staircase to the Slime Pits.
 19779 | Lair:6   | Reached XP level 15. HP: 96/96 MP: 15/15
 19960 | Lair:6   | Reached skill level 10 in Armour
 20203 | Lair:6   | Reached skill level 12 in Fighting
 20393 | Lair:6   | Reached skill level 15 in Maces & Flails
 20402 | Lair:6   | Received a gift from Trog
 20722 | Lair:6   | Reached skill level 5 in Crossbows
 20960 | Orc:1    | Entered Level 1 of the Orcish Mines
 21023 | Orc:2    | Entered Level 2 of the Orcish Mines
 21023 | Orc:2    | Found Rumom's Antique Armour Emporium.
 21263 | Orc:2    | Found a staircase to the Elven Halls.
 21476 | Orc:2    | Noticed tidbits's ghost (journeyman GnTm)
 21480 | Orc:2    | Received a gift from Trog
 21482 | Orc:2    | Noticed an orc warlord
 21838 | Orc:1    | Killed an orc warlord
 22083 | Orc:2    | Killed tidbits's ghost
 22171 | Orc:2    | Found Vajon's Book Shoppe.
 22201 | Orc:2    | Bought a pair of runed gloves for 165 gold pieces
 22370 | Orc:2    | Found Ijecod Eghyp's General Store.
 22406 | Orc:2    | Found Soxkyn's Antique Weapon Shop.
 22738 | Orc:1    | Found Xusaj's Armour Emporium.
 22918 | Orc:1    | Noticed Canard's ghost (journeyman DDHu)
 22934 | Orc:1    | Killed Canard's ghost
 22962 | Orc:1    | Received a gift from Trog
 23715 | D:14     | Received a gift from Trog
 23798 | D:14     | Reached skill level 13 in Fighting
 23881 | D:14     | Reached XP level 16. HP: 104/104 MP: 12/16
 24136 | D:14     | Noticed Frances
 24145 | D:14     | Killed Frances
 24424 | D:15     | Entered Level 15 of the Dungeon
 24452 | D:15     | Paralysed by an ogre mage for 2 turns
 24463 | D:15     | Noticed Urug
 24501 | D:15     | Killed Urug
 24515 | D:15     | Found Efaceam's Book Boutique.
 24534 | D:15     | Found Pafrapn's Distillery.
 24544 | D:15     | Received a gift from Trog
 24603 | D:15     | Bought a potion of invisibility for 80 gold pieces
 24603 | D:15     | Bought a potion of mutation for 80 gold pieces
 24603 | D:15     | Bought a potion of lignification for 30 gold pieces
 24603 | D:15     | Bought a potion of cancellation for 80 gold pieces
 24603 | D:15     | Bought a potion of might for 40 gold pieces
 24647 | D:15     | Found Plog's Assorted Antiques.
 24724 | D:15     | Bought a steaming whip for 232 gold pieces
 24729 | D:15     | Identified the +7 whip of Shame {speed, *Slow +Fly rC+ Int+4} (You bought it in a shop on level 15 of the Dungeon)
 24755 | D:15     | Noticed Nessos
 24790 | D:15     | Killed Nessos
 24790 | D:15     | Reached skill level 14 in Fighting
 24812 | D:15     | Noticed Sonja
 24821 | D:15     | Killed Sonja
 25093 | D:15     | Found a staircase to the Depths.
 25321 | D:15     | Noticed Louise
 25330 | D:15     | Killed Louise
 25528 | D:15     | Found Dennir's Antique Armour Shop.
 25641 | D:15     | Found a blossoming altar of Fedhas.
 26135 | Swamp:1  | Entered Level 1 of the Swamp
 26199 | Swamp:1  | Noticed Kirke
 26214 | Swamp:1  | Killed Kirke
 26483 | Swamp:1  | Reached skill level 15 in Fighting
 26598 | Swamp:1  | Got a wavering steel amulet
 26600 | Swamp:1  | Identified the amulet "Itodor" {Gourm rPois Slay+3} (You found it on level 1 of the Swamp)
 26803 | Swamp:2  | Received a gift from Trog
 27034 | Swamp:2  | Reached XP level 17. HP: 104/113 MP: 15/17
 27523 | Swamp:3  | Noticed Donald
 27548 | Swamp:3  | Killed Donald
 27864 | Swamp:4  | Entered Level 4 of the Swamp
 28031 | Swamp:4  | Received a gift from Trog
 28074 | Swamp:4  | Reached skill level 16 in Fighting
 28154 | Swamp:4  | Received a gift from Trog
 28473 | Swamp:4  | Noticed the 27-headed Lernaean hydra
 28497 | Swamp:4  | Killed the 27-headed Lernaean hydra
 28575 | Swamp:4  | Got a decaying rune of Zot
 29016 | Spider:1 | Entered Level 1 of the Spider Nest
 29024 | Spider:1 | Received a gift from Trog
 29695 | Spider:2 | Reached skill level 17 in Fighting
 29801 | Spider:2 | Reached skill level 10 in Crossbows
 29827 | Spider:2 | Reached XP level 18. HP: 121/123 MP: 16/18
 30040 | Spider:2 | Noticed Arachne
 30063 | Spider:2 | Killed Arachne
 30644 | Spider:3 | Received a gift from Trog
 31003 | Spider:3 | Reached skill level 18 in Fighting
 31575 | Spider:4 | Entered Level 4 of the Spider Nest
 31610 | Spider:4 | Received a gift from Trog
 32523 | Spider:4 | Received a gift from Trog
 32532 | Spider:4 | Reached skill level 19 in Fighting
 32580 | Spider:4 | Reached XP level 19. HP: 35/132 MP: 1/19
 32628 | Spider:4 | HP: 5/132 [something (5)]
 33138 | Spider:4 | Got a gossamer rune of Zot
 33705 | Vaults:1 | Entered Level 1 of the Vaults
 33836 | Orc:2    | Bought the ring of Xucvaduh {MR+ Str+3 SInv} for 406 gold pieces
 34696 | Vaults:1 | Received a gift from Trog
 35601 | Vaults:2 | Found Gidghe's Distillery.
 35609 | Vaults:2 | Bought a potion of heal wounds for 80 gold pieces
 35806 | Vaults:2 | Reached skill level 20 in Fighting
 36022 | Vaults:2 | Noticed Saint Roka
 36044 | Vaults:2 | Killed Saint Roka
 36403 | Vaults:2 | Received a gift from Trog
 36600 | Vaults:2 | Received a gift from Trog
 36942 | Vaults:2 | Reached XP level 20. HP: 135/142 MP: 18/20
 37171 | Vaults:3 | Received a gift from Trog
 37255 | Vaults:3 | Reached skill level 21 in Fighting
 37265 | Vaults:3 | Reached skill level 15 in Armour
 37302 | Vaults:3 | Reached skill level 10 in Dodging
 37307 | Vaults:3 | Received a gift from Trog
 37884 | Vaults:3 | Received a gift from Trog
 37909 | Vaults:3 | Reached skill level 22 in Fighting
 37952 | Vaults:3 | Got a shimmering double sword {god gift}
 37953 | Vaults:3 | Identified the +3 double sword "Goblinbane" {freeze, Str+4} (Trog gifted it to you on level 3 of the Vaults)
 39363 | Vaults:3 | Received a gift from Trog
 39512 | Vaults:3 | Found a staircase to the Crypt.
 39522 | Vaults:3 | Reached XP level 21. HP: 152/152 MP: 19/21
 39744 | Vaults:4 | Received a gift from Trog
 39945 | Vaults:4 | Reached skill level 1 in Evocations
 40297 | Vaults:4 | Received a gift from Trog
 40297 | Vaults:4 | Reached skill level 23 in Fighting
 41254 | Vaults:5 | Entered Level 5 of the Vaults
 41302 | Vaults:5 | Noticed Ratty's ghost (veteran CeBe)
 41669 | Vaults:5 | Killed Ratty's ghost
 41931 | Vaults:5 | Got a pair of polished gloves
 41962 | Vaults:5 | Got an ancient silver ring
 41985 | Vaults:4 | Identified the +2 pair of gloves of Ramieh {rPois} (You found it on level 5 of the Vaults)
 41998 | Vaults:4 | Identified the ring of the Monkey's Uncle {rN+ Int+5} (You found it on level 5 of the Vaults)
 42051 | Vaults:5 | Received a gift from Trog
 42257 | Vaults:4 | Killed from afar by a tengu reaver

Skill      XL: |  1  2  3  4  5  6  7  8  9 10 11 12 13 14 15 16 17 18 19 20 21 |
---------------+----------------------------------------------------------------+-----
Dodging        | 2 3 4 5 6 7 9 10 | 10.7
Shields        | 1 2 5 6 8 10 12 14 15 16 | 16.4
Maces & Flails | 4 5 6 7 9 10 11 12 13 14 16 | 16.0
Stealth        | 1 2 3 |  3.6
Fighting       | 4 5 6 7 8 9 10 11 13 15 17 19 20 22 23 | 23.4
Armour         | 3 4 5 6 7 8 9 10 11 12 13 14 15 16 | 16.0
Crossbows      | 3 6 8 10 | 10.0
Evocations     | 4 |  4.3

Action                   |  1- 3 |  4- 6 |  7- 9 | 10-12 | 13-15 | 16-18 | 19-21 || total
-------------------------+-------+-------+-------+-------+-------+-------+-------++-------
Melee: Mace              |   120 |   143 |       |       |       |       |       ||   263
       Flail             |       |     3 |   357 |   774 |  1217 |       |       ||  2351
       Whip              |       |       |       |   692 |       |   204 |       ||   896
       Eveningstar       |       |       |       |       |   494 |  1440 |  1439 ||  3373
       Unarmed           |       |       |       |       |       |     4 |       ||     4
 Fire: Hand crossbow     |       |       |       |       |       |    42 |     5 ||    47
Invok: Berserk           |     1 |     3 |     3 |     9 |     7 |     5 |     5 ||    33
       Trog's Hand       |       |       |       |     1 |       |     3 |     2 ||     6
       Brothers in Arms  |       |       |       |     1 |       |       |     2 ||     3
 Abil: Fly               |       |       |       |       |     3 |       |       ||     3
       Stop Flying       |       |       |       |       |     2 |       |     1 ||     3
  Use: Scroll            |       |       |       |     9 |    12 |     4 |     6 ||    31
       Potion            |       |       |       |       |       |     4 |       ||     4
 Stab: Sleeping          |     2 |     1 |       |       |       |       |       ||     3
       Distracted        |       |       |       |     1 |       |       |       ||     1
       Held in net/web   |       |       |       |       |     2 |       |       ||     2
  Eat: Chunk             |     2 |     4 |    14 |    43 |    46 |    35 |    39 ||   183
       Ration            |       |     1 |       |       |       |       |       ||     1
Armor: Animal skin       |    48 |    24 |       |       |       |       |       ||    72
       Scale mail        |       |    33 |   177 |   188 |       |       |       ||   398
       Plate armour      |       |       |       |   314 |   183 |       |       ||   497
       Chain mail        |       |       |       |       |   414 |   927 |   647 ||  1988
       Ring mail         |       |       |       |       |    17 |       |       ||    17
Dodge: Dodged            |    85 |    63 |   135 |   325 |   411 |   855 |   574 ||  2448
Block: Shield            |       |    30 |   257 |   963 |  1181 |  1380 |  1171 ||  4982
